 Dungeon Crawl Stone Soup version 0.30-a0-1082-g70414cbcbb (webtiles) character file.

Game seed: 3408661042066851678

7608 Zeshan the Protected (level 10, -7/93 HPs)
             Began as a Minotaur Fighter on Apr 15, 2023.
             Was a High Priest of Okawaru.
             Mangled by an orc warrior
             ... wielding a +0 halberd
              (13 damage)
             ... in a bailey.
             The game lasted 00:12:34 (8725 turns).

Zeshan the Protected (Minotaur Fighter)             Turns: 8725, Time: 00:12:35

Health: -7/93      AC: 19    Str: 25    XL:     10   Next: 98%
Magic:  9/9        EV: 12    Int: 10    God:    Okawaru [*****.]
Gold:   1697       SH:  8    Dex:  8    Spells: 9/9 levels left

rFire   + . .      SeeInvis +    a - +1 war axe
rCold   . . .      Faith    .    s - +2 buckler {AC+3}
rNeg    . . .      Spirit   .    b - +1 scale mail
rPois   +          Reflect  .    (helmet restricted)
rElec   .          Rampage  .    g - scarf {repulsion}
rCorr   .                        (no gloves)
Will    ++...                    k - +1 pair of boots "Nuxtyaq" {rF+ Will++ Int+3} Stlth
                                 j - amulet "Fyruvydd" {RegenMP rPois Int+2 Dex-2}
HPRegen 0.35/turn                h - ring of see invisible
MPRegen 0.51/turn                z - +4 ring of protection

@: mighty, repel missiles
A: horns 2, retaliatory headbutt
a: Renounce Religion, Heroism, Finesse, Duel


You were in a bailey.
You worshipped Okawaru.
Okawaru was extremely pleased with you.
You visited 2 branches of the dungeon, and saw 11 of its levels.
You also visited: Bailey.

You collected 1743 gold pieces.
You spent 46 gold pieces at shops.

Inventory:

Hand Weapons
 a - a +1 war axe (weapon)
Missiles
 e - 2 throwing nets (quivered)
Armour
 b - a +1 scale mail (worn)
 g - a scarf of repulsion (worn)
 k - the +1 pair of boots "Nuxtyaq" (worn) {rF+ Will++ Int+3}
   (You acquired it on level 2 of the Dungeon)

   Int:       It affects your intelligence (+3).
   rF:        It protects you from fire.
   Will:      It greatly increases your willpower.
 s - a +2 buckler of protection (worn)
 y - a +0 cloak
Jewellery
 h - a ring of see invisible (left hand)
 j - the amulet "Fyruvydd" (around neck) {RegenMP rPois Int+2 Dex-2}
   (You found it on level 4 of the Dungeon)

   [amulet of magic regeneration]

   It increases your rate of magic regeneration.
   Int:       It affects your intelligence (+2).
   Dex:       It affects your dexterity (-2).
   rPois:     It protects you from poison.
 p - a ring of fire
 z - a +4 ring of protection (right hand)
Wands
 A - a wand of flame (23)
 B - a wand of roots (1)
Scrolls
 m - a scroll of magic mapping
 n - 3 scrolls of teleportation
 t - 2 scrolls of fear
 u - a scroll of immolation
Potions
 c - a potion of mutation {unknown}
 f - 2 potions of flight
 i - 4 potions of curing
 l - 3 potions of haste
 o - 3 potions of attraction
 q - a potion of resistance {unknown}
 r - a potion of berserk rage {unknown}
 v - 2 potions of heal wounds {unknown}
 w - 2 potions of magic {unknown}


   Skills:
 + Level 9.8 Fighting
 + Level 9.4 Axes
 + Level 9.8 Armour
 + Level 8.2 Dodging
 + Level 9.8 Shields


You had 9 spell levels left.
You didn't know any spells.
Your spell library contained the following spells:

 Spells                   Type           Power      Damage    Failure   Level
 Foxfire                  Conj/Fire      0%         2x1d4     67%         1
 Shock                    Conj/Air       0%         1d3       67%         1
 Slow                     Hex            0%         N/A       67%         1
 Poisonous Vapours        Pois/Air       0%         N/A       80%         2
 Confusing Touch          Hex            0%         N/A       95%         3
 Inner Flame              Hex/Fire       0%         N/A       95%         3
 Mephitic Cloud           Conj/Pois/Air  0%         N/A       95%         3
 Stone Arrow              Conj/Erth      0%         3d7       95%         3
 Vampiric Draining        Necr           0%         2d6       95%         3
 Flame Wave               Conj/Fire      0%         2d4       100%        4
 Sticky Flame             Conj/Fire      0%         2d3       100%        4
 Freezing Cloud           Conj/Ice/Air   0%         6-21      100%        5
 Storm Form               Tmut/Air       0%         N/A       100%        7
 Lehudib's Crystal Spear  Conj/Erth      0%         10d2      100%        8
 Maxwell's Capacitive Co  Air            0%         ∞         100%        8
 Animate Armour           Summ/Erth      Unusable   N/A       N/A         4
 Summon Lightning Spire   Summ/Air       Unusable   N/A       N/A         4

Dungeon Overview and Level Annotations

Branches:
Dungeon (10/15)            Temple (1/1) D:4            Lair (0/5) D:9
    Orc (0/2) D:10         Bailey (1/1)

Altars:
Dithmenos
Elyvilon
Kikubaaqudgha
Nemelex Xobeh
Okawaru
Qazlal
Ru
Sif Muna
Uskayaw
Vehumet
Wu Jian
Xom
Yredelemnul
Zin
The Shining One

Shops:
D:2 *

Annotations:
D:8 3 runed translucent doors, morax's ghost, novice VSFi
D:9 1 runed translucent door, Gandelf's ghost, journeyman SpCj


Innate Abilities, Weirdness & Mutations

You have a pair of horns on your head.
You reflexively headbutt those who attack you in melee.


Message History

You headbutt the orc knight, but do no damage.
The orc knight is heavily wounded.
The orc knight hits you but does no damage.
Unknown command.
You closely miss the orc knight. Your headbutt misses the orc knight.
The orc knight is heavily wounded.
The orc knight hits you with a +0 trident.
You block the orc warrior's attack.
Unknown command.
You hit the orc knight but do no damage.
Your headbutt misses the orc knight.
The orc knight is heavily wounded.
The orc warrior completely misses you.
The orc knight hits you with a +0 trident.
Unknown command.
You hit the orc knight.
The orc knight is heavily wounded.
The orc warrior hits you from afar with a +0 halberd!
The orc knight hits you with a +0 trident!
Unknown command.
You feel very mighty all of a sudden.
The orc knight hits you with a +0 trident!
* * * LOW HITPOINT WARNING * * *
The orc warrior barely misses you. You block the orc's attack.
Unknown command.
Okay, then.
Unknown command.
You slash the orc knight! Your headbutt misses the orc knight.
The orc knight is severely wounded.
The orc warrior misses you. The orc knight closely misses you.
You block the orc's attack. You block the orc warrior's attack.
The orc knight roars a battlecry!
The orcs go into a battle-frenzy!
Unknown command.
You barely miss the orc knight. Your headbutt misses the orc knight.
The orc knight is severely wounded.
The orc hits you from afar with a +0 halberd!
* * * LOW HITPOINT WARNING * * *
The orc warrior hits you from afar with a +0 halberd!
You die...

.~~ ≈§....§ ##.~
§...⌠.§ #∩.~ o.o⌠∩⌠.
#.~o ≈≈.o... #.~.
.≈§≈≈ #.~. ...
#.~o#########'###+####
#.~o)@o).....##.....##
#.~~~))~~~~~..##.∩.##.
#..........~~..## ##..
##########..~~..###..~
##..~~.....~~
##..~~~~~~~.
##......... ##########


You could see an orc knight, an orc warrior (strong) and an orc (strong).

Vanquished Creatures
  Erica (D:8)
  3 death yaks (D:9)
  2 two-headed ogres
  The ghost of b0ghi87 the Cudgeller, a novice MiFi (D:5)
  A wraith (D:9)
  A wyvern (D:9)
  A steam dragon (D:9)
  4 vampire mosquitoes (D:10)
  A water moccasin (D:9)
  4 ice beasts
  5 orc warriors
  An ogre (D:7)
  A kobold brigand (D:9)
  2 phantoms
  4 bullfrogs
  2 scorpions (D:5)
  4 wights (D:8)
  6 killer bees (D:9)
  2 howler monkeys (D:9)
  3 orc priests
  4 hounds
  2 sleepcaps
  Terence (D:2)
  8 orc wizards
  An iguana (D:4)
  A hell rat (D:9)
  2 river rats (D:9)
  4 adders
  A white imp (D:7)
  2 ufetubi
  A worm (D:2)
  3 dart slugs
  34 orcs
  10 endoplasms
  4 giant cockroaches
  9 goblins
  10 hobgoblins
  8 jackals (D:2)
  10 kobolds
  3 quokkas
  8 ball pythons
  4 bats
  4 frilled lizards (D:2)
  5 rats
188 creatures vanquished.

Vanquished Creatures (others)
  4 plants
  5 toadstools (D:1)
9 creatures vanquished.

Grand Total: 197 creatures vanquished

Notes
Turn   | Place    | Note
-------+----------+-------------------------------------------
     0 | D:1      | Zeshan the Minotaur Fighter began the quest for the Orb.
     0 | D:1      | Reached XP level 1. HP: 19/19 MP: 0/0
    89 | D:1      | Reached XP level 2. HP: 27/27 MP: 1/1
   305 | D:1      | Found a faded altar of an unknown god.
   432 | D:1      | Reached skill level 1 in Dodging
   756 | D:2      | Reached XP level 3. HP: 22/33 MP: 2/2
   900 | D:2      | Noticed Terence
   908 | D:2      | Killed Terence
  1016 | D:2      | Found Ofiedor's Assorted Antiques.
  1030 | D:2      | Bought 2 scrolls labelled OFYOTE GUJAME for 32 gold pieces
  1113 | D:2      | Reached XP level 4. HP: 39/40 MP: 3/3
  1117 | D:2      | Identified a scroll of acquirement
  1117 | D:2      | Acquired the +1 pair of boots "Nuxtyaq" {rF+ Will++ Int+3}
  1169 | D:2      | Bought a viscous black potion for 14 gold pieces
  1780 | D:3      | Found a radiant altar of Vehumet.
  2422 | D:4      | Identified the +1 leather armour of Minor Irritation {Str+4
                  | Dex+4}
  2644 | D:4      | Identified the amulet "Fyruvydd" {RegenMP rPois Int+2
                  | Dex-2}
  2762 | D:4      | Noticed a phantom
  2791 | D:4      | Killed a phantom
  2792 | D:4      | Reached XP level 5. HP: 47/47 MP: 4/4
  2818 | D:4      | Got An Induction into Wizarding
  2960 | D:4      | Reached XP level 6. HP: 54/55 MP: 5/5
  3062 | D:4      | Found a staircase to the Ecumenical Temple.
  3063 | D:4      | Found the +7 Throatcutter {drain, coup de grace}
  3076 | Temple   | Entered the Ecumenical Temple
  3092 | Temple   | Became a worshipper of Warmaster Okawaru
  3468 | D:5      | Entered Level 5 of the Dungeon
  3568 | D:5      | Found a runed translucent gate.
  3569 | D:5      | Found a runed translucent gate.
  3569 | D:5      | Identified the +1 whip "Rogruc" {elec, rPois rF+++ rC-
                  | Int+3}
  3570 | D:5      | Found a runed translucent gate.
  3570 | D:5      | Noticed b0ghi87's ghost (novice MiFi)
  3626 | D:5      | Noticed an ice beast
  3637 | D:5      | Killed an ice beast
  3638 | D:5      | Reached skill level 5 in Fighting
  3638 | D:5      | Reached skill level 5 in Armour
  3638 | D:5      | Reached skill level 5 in Shields
  4159 | D:5      | Reached XP level 7. HP: 59/61 MP: 6/6
  4447 | D:5      | Killed b0ghi87's ghost
  4447 | D:5      | Reached * piety under Okawaru
  4448 | D:5      | Reached skill level 5 in Axes
  4756 | D:6      | Reached XP level 8. HP: 60/70 MP: 7/7
  5069 | D:6      | Reached ** piety under Okawaru
  5559 | D:7      | Reached skill level 5 in Dodging
  6435 | D:8      | Reached *** piety under Okawaru
  6589 | D:8      | Found a stormy altar of Qazlal.
  6727 | D:8      | Found a runed translucent gate.
  6728 | D:8      | Found a runed translucent gate.
  6729 | D:8      | Found a runed translucent gate.
  6730 | D:8      | Noticed an 11-headed hydra
  6731 | D:8      | Noticed morax's ghost (novice VSFi)
  6731 | D:8      | Noticed a ten-headed hydra
  6748 | D:8      | Reached XP level 9. HP: 79/79 MP: 8/8
  6871 | D:8      | Noticed Erica
  6881 | D:8      | Killed Erica
  7116 | D:8      | Acquired 1278 gold pieces
  7353 | D:8      | Found a glowing silver altar of Zin.
  7353 | D:8      | Found a white marble altar of Elyvilon.
  7460 | D:9      | Noticed a death yak
  7465 | D:9      | Noticed a death yak
  7467 | D:9      | Noticed a death yak
  7476 | D:9      | Killed a death yak
  7476 | D:9      | Reached **** piety under Okawaru
  7490 | D:9      | Killed a death yak
  7490 | D:9      | Reached ***** piety under Okawaru
  7491 | D:9      | Reached XP level 10. HP: 33/90 MP: 9/9
  7493 | D:9      | Killed a death yak
  7664 | D:9      | Found a staircase to the Lair.
  7666 | D:9      | Found a shadowy altar of Dithmenos.
  7702 | D:9      | Noticed a two-headed ogre
  7719 | D:9      | Killed a two-headed ogre
  7871 | D:9      | Received a gift from Okawaru
  8027 | D:9      | Noticed Gandelf's ghost (journeyman SpCj)
  8033 | D:9      | Found a runed translucent door.
  8318 | D:9      | Found a sparkling altar of Nemelex Xobeh.
  8519 | D:10     | Entered Level 10 of the Dungeon
  8551 | D:10     | Found a staircase to the Orcish Mines.
  8555 | D:10     | Noticed a two-headed ogre
  8564 | D:10     | Killed a two-headed ogre
  8576 | D:10     | Found a flagged portal.
  8606 | Bailey   | Entered a bailey
  8698 | Bailey   | Noticed an orc knight
  8725 | Bailey   | Mangled by an orc warrior

Illustrated notes

Levels and vault maps discovered:
D:1:      ldierk_walled_garden, layout_basic, dreamdust_ecumenical_altar_grove
D:2:      layout_basic, serial_shops, nicolae_square_shop,
          chequers_serial_rivers_large_b, uniq_terence
D:3:      layout_loops_ring, nicolae_vehumet_radiance
D:4:      layout_loops_ring, minmay_temple_entry_offerings, serial_rivers,
          chequers_serial_rivers_micro_e, chequers_serial_rivers_micro_a,
          chequers_serial_rivers_marsh, chequers_serial_rivers_small_b,
          chequers_serial_rivers_room_a
D:5:      wad_pebble_path, layout_basic, biasface_ghost_orc_armoury,
          due_unseen_surprise
D:6:      layout_cave_pods, minmay_misc_feat_columns
D:7:      layout_basic
D:8:      layout_loops_ring, grunt_qazlal_sundering,
          amethyst_overflow_temple_binary, gammafunk_ghost_hydra_chop,
          uniq_erica
D:9:      layout_basic, nemelex_diamond_rough_becter, grunt_dithmenos_smoke,
          dpeg_lair_monsters, hellmonk_ghost_big_iron
D:10:     layout_irregular_city, old_standard_altar, orc_0_dummy,
          enter_bailey_5, david_defended_altar_orc
Temple:   eino_wide_crystal_templ
Bailey:   bailey_polearm_1, bailey

Skill      XL: |  1  2  3  4  5  6  7  8  9 10 |
---------------+-------------------------------+-----
Dodging        | 1 2 3 4 5 7 8 |  8.2
Fighting       | 4 5 6 7 8 9 |  9.8
Armour         | 4 5 6 7 8 9 |  9.8
Shields        | 4 5 6 7 8 9 |  9.8
Axes           | 3 4 5 6 8 9 |  9.4

Action                     |  1- 3 |  4- 6 |  7- 9 | 10-12 || total
---------------------------+-------+-------+-------+-------++-------
  Melee: War axe           |    65 |   152 |   174 |   113 ||   504
         Headbutt          |    11 |    26 |    40 |    20 ||    97
 Invoke: Heroism           |       |       |     1 |       ||     1
  Evoke: Wand              |       |       |       |     6 ||     6
    Use: Scroll            |     5 |     8 |     8 |     1 ||    22
         Potion            |       |       |     2 |     1 ||     3
 Armour: Scale mail        |    27 |    67 |   101 |    71 ||   266
  Dodge: Dodged            |    35 |    67 |    84 |   107 ||   293
         Repelled          |       |       |     2 |     2 ||     4
  Block: Buckler           |     8 |    42 |    56 |    72 ||   178

Table legend: (Time is in decaauts)
 A = Elapsed time spent in this place.
 B = Non-inter-level travel time spent in this place.
 C = Inter-level travel time spent in this place.
 D = Time resting spent in this place.
 E = Time spent auto-exploring this place.
 F = Levels seen in this place.
 G = Mean time per level.
                   A        B        C        D        E       F      G
               +--------+--------+--------+--------+--------+-----+--------+
         Total |   8882 |   8616 |    266 |    260 |   6934 |  12 |  740.2 |
       Dungeon |   8729 |   8476 |    253 |    258 |   6867 |  10 |  872.9 |
        Temple |     29 |     16 |     13 |      0 |      6 |   1 |   29.0 |
        Bailey |    122 |    122 |      0 |      2 |     61 |   1 |  122.0 |
               +--------+--------+--------+--------+--------+-----+--------+

Top non-repeatable levels by time:
     D:5: 1228 daAuts
     D:9: 1075 daAuts
     D:4: 1073 daAuts
     D:8: 1045 daAuts
     D:2: 960 daAuts
     D:6: 878 daAuts
     D:7: 870 daAuts
     D:3: 800 daAuts
     D:1: 707 daAuts
  Bailey: 122 daAuts
    D:10: 89 daAuts
  Temple: 29 daAuts
